 Dungeon Crawl Stone Soup version 0.31-a0-1074-g0b22e4e0f1 (webtiles) character file.

Game seed: 543497675842527546

47 monsoonserge the Digger (level 3, -4/26 HPs)
             Began as a Ghoul Earth Elementalist on Nov 30, 2023.
             Killed from afar by Natasha (7 damage)
             ... with a magic dart
             ... on level 2 of the Dungeon.
             The game lasted 00:03:45 (1185 turns).

monsoonserge the Digger (Ghoul Earth Elementalist)  Turns: 1185, Time: 00:03:46

Health: -4/26      AC:  3    Str: 11    XL:     3   Next: 70%
Magic:  1/5        EV: 11    Int: 16    God:
Gold:   51         SH:  0    Dex:  9    Spells: 5/6 levels left

rFire   . . .        h - +0 spear
rCold   + . .        (no shield)
rNeg    + + +        i - +0 leather armour
rPois   ∞            (no helmet)
rElec   .            (no cloak)
rCorr   .            (no gloves)
SInv    .            (no boots)
Will    .....        (no amulet)
Stlth   ++           (no ring)
HPRegen 0.00/turn    (no ring)
MPRegen 0.09/turn

%: no passive effects
@: inhibited regen, slowed, very slow
A: claws 1, cold resistance 1, negative energy resistance 3, inhibited
regeneration, torment resistance 2, devour on kill
a: no special abilities


You were on level 2 of the Dungeon.
You visited 1 branch of the dungeon, and saw 3 of its levels.

You collected 51 gold pieces.

Inventory:

Hand Weapons
 h - a +0 spear (weapon)
Missiles
 c - 6 poisoned darts (quivered)
Armour
 a - a +0 robe
 i - a +0 leather armour (worn)
Scrolls
 d - a scroll of brand weapon {unknown}
 g - a scroll of fear {unknown}
 j - a scroll of identify {unknown}
Potions
 b - a potion of magic
 e - a potion of ambrosia {unknown}
 f - a potion of mutation {unknown}


   Skills:
 * Level 0.8 Armour
 + Level 2.0 Dodging
 + Level 2.3 Stealth
 - Level 2.0 Spellcasting
 + Level 0.8 Transmutations
 + Level 4.4 Earth Magic


You had 5 spell levels left.
You knew the following spells:

 Your Spells              Type           Power      Damage    Failure   Level
a - Sandblast             Erth           30%        2d9       4%          1

Your spell library contained the following spells:

 Spells                   Type           Power      Damage    Failure   Level
 Passwall                 Tmut/Erth      8%         N/A       14%         2
 Stone Arrow              Conj/Erth      16%        3d8       32%         3
 Petrify                  Tmut/Erth      10%        N/A       67%         4
 Brom's Barrelling Bould  Conj/Erth      8%         2d3       73%         4
 Irradiate                Conj/Tmut      1%         3d12      99%         5
 Wereblood                Tmut           Unusable   N/A       N/A         2

Dungeon Overview and Level Annotations

Branches:
Dungeon (3/15)

Altars:

Annotations:
D:2 Natasha
D:3 Terence


Innate Abilities, Weirdness & Mutations

You are immune to poison.
You have sharp fingernails.
Your flesh is cold resistant. (rC+)
You are immune to negative energy. (rN+++)
You do not regenerate when monsters are visible.
You are immune to unholy pain and torment.
You thrive by killing the living.


Message History

Confirm with . or Enter, or press ? or * to list all spells.
Aiming: Sandblast (safe; 4% risk of failure)
Press: ? - help, Shift-Dir - straight line, f - Natasha
Aim: Natasha (77% to hit)
The blast of sand hits Natasha but does no damage.
Natasha casts a spell at you. The magic dart hits you.
Unknown command.
Casting: Sandblast (safe; 4% risk of failure)
Confirm with . or Enter, or press ? or * to list all spells.
Aiming: Sandblast (safe; 4% risk of failure)
Press: ? - help, Shift-Dir - straight line, f/p - Natasha
Aim: Natasha (77% to hit)
The blast of sand hits Natasha!
Natasha is severely wounded.
Natasha claws you.
Unknown command.
Casting: Sandblast (safe; 4% risk of failure)
Confirm with . or Enter, or press ? or * to list all spells.
Aiming: Sandblast (safe; 4% risk of failure)
Press: ? - help, Shift-Dir - straight line, f/p - Natasha
Aim: Natasha (severely wounded, 77% to hit)
The blast of sand hits Natasha but does no damage.
Natasha is severely wounded.
Natasha claws you. Natasha closely misses you.
Your magical contamination has completely faded away.
You closely miss Natasha.
Natasha is severely wounded.
Natasha closely misses you. Natasha claws you!
* * * LOW HITPOINT WARNING * * *
Unknown command.
You hit Natasha but do no damage.
Natasha is severely wounded.
Natasha misses you.
You hit Natasha.
Natasha is severely wounded.
Natasha stares at you and mumbles some strange words.
The magic dart hits you!
You die...
Natasha begins licking her fur clean.

..
♣~P~~♣....######....##.##
#♣~~~♣....###........#..#
♣~~~♣................#..
#.P~~..#..............[..
...~##.##...............#
.#.###.................##
..........#...........###
........h.#..............
.......#@..........######
..........#.....#...
.....=)............ ###
##...##....)?..... ..#..
##.. .......>... ....~ #.
#..#..<.... ...~. #. ##.
#.....# ..... #. ......
..~.~ .....


You could see Natasha.

Vanquished Creatures
  Natasha (D:2)
  A worm (D:1)
  3 endoplasms
  2 hobgoblins (D:1)
  3 ball pythons
  4 bats (D:1)
  3 frilled lizards (D:1)
  A goblin (D:2)
  2 kobolds (D:1)
  3 rats (D:1)
23 creatures vanquished.

Notes
Turn   | Place    | Note
-------+----------+-------------------------------------------
     0 | D:1      | monsoonserge the Ghoul Earth Elementalist began the quest
                  | for the Orb.
     0 | D:1      | Reached XP level 1. HP: 14/14 MP: 2/2
   381 | D:1      | Reached XP level 2. HP: 20/20 MP: 2/4
  1006 | D:2      | Noticed Natasha
  1013 | D:2      | Killed Natasha
  1014 | D:2      | Reached skill level 4 in Earth Magic
  1014 | D:2      | Reached XP level 3. HP: 26/26 MP: 1/5
  1062 | D:2      | You fall into a shaft and drop 1 floor!
  1063 | D:3      | Noticed Terence
  1175 | D:2      | Identified the +6 dagger of Victory {flame, +Blink rF+ SInv
                  | Stlth-}
  1177 | D:2      | Noticed Natasha
  1185 | D:2      | Killed from afar by Natasha

Illustrated notes

Levels and vault maps discovered:
D:1:      dpeg_arrival_leaves_temple_mockup, layout_basic,
          minmay_split_cup_small
D:2:      layout_rooms, serial_bayou_ford_a, chequers_serial_rivers_micro_c,
          grunt_decor_resistance, uniq_natasha
D:3:      layout_rooms, mainiacjoe_overflow_small_starburst,
          nicolae_qazlal_eye_of_the_storm, uniq_terence

Skill      XL: |  1  2 |
---------------+-------+-----
Dodging        | 2 |  2.0
Spellcasting   | 2 |  2.0
Earth Magic    | 4 |  4.4
Armour         | |  0.8
Stealth        | |  2.3
Transmutations | |  0.8

Action                     || total
---------------------------++-------
  Melee: Unarmed           ||     7
         Spear             ||    12
  Throw: Dart              ||     2
   Cast: Sandblast         ||    39
 Armour: Robe              ||     8
         Leather armour    ||     8
  Dodge: Dodged            ||    20

Table legend: (Time is in decaauts)
 A = Elapsed time spent in this place.
 B = Non-inter-level travel time spent in this place.
 C = Inter-level travel time spent in this place.
 D = Time resting spent in this place.
 E = Time spent auto-exploring this place.
 F = Levels seen in this place.
 G = Mean time per level.
                   A        B        C        D        E       F      G
               +--------+--------+--------+--------+--------+-----+--------+
         Total |   1215 |   1176 |     39 |      0 |    825 |   3 |  405.0 |
       Dungeon |   1215 |   1176 |     39 |      0 |    825 |   3 |  405.0 |
               +--------+--------+--------+--------+--------+-----+--------+

Top non-repeatable levels by time:
     D:1: 977 daAuts
     D:2: 230 daAuts
     D:3: 8 daAuts
